 Dungeon Crawl Stone Soup version 0.27-a0-1299-g1ab19c6527 (webtiles) character file.

Game seed: 13511808046126264004

394 bande the Covered (level 6, -13/38 HPs)
             Began as a Gargoyle Fighter on June 16, 2021.
             Killed by divine providence
             ... invoked by an orc priest
              (17 damage)
             ... on level 4 of the Dungeon.
             The game lasted 00:04:59 (4022 turns).

bande the Covered (Gargoyle Fighter)                Turns: 4022, Time: 00:04:59

Health: -13/38     AC: 14    Str: 20    XL:     6   Next: 82%
Magic:  6/6        EV:  5    Int:  9    God:
Gold:   116        SH:  9    Dex: 10    Spells: 5/5 levels left

rFire    . . .     SeeInvis .   a - +0 war axe
rCold    . . .     Faith    .   c - +0 kite shield
rNeg     + . .     Spirit   .   h - +0 chain mail
rPois    ∞         Reflect  .   (no helmet)
rElec    +         Harm     .   j - scarf {+Inv}
rCorr    .         Rampage  .   (no gloves)
Will     .....                  (no boots)
Stlth    ..........             (no amulet)
HPRegen  0.12/turn              (no ring)
MPRegen  0.10/turn              (no ring)

@: no status effects
A: sickness immunity, AC +4, negative energy resistance 1, electricity
resistance, torment resistance 1, petrification resistance
a: Evoke Invisibility


You were on level 4 of the Dungeon.
You visited 1 branch of the dungeon, and saw 4 of its levels.

You collected 116 gold pieces.

Inventory:

Hand Weapons
 a - a +0 war axe (weapon)
Missiles
 f - 5 atropa-tipped darts (quivered)
Armour
 c - a +0 kite shield (worn)
 h - a +0 chain mail (worn)
 j - a scarf of invisibility (worn)
Jewellery
 n - a ring of ice
Wands
 l - a wand of iceblast (6)
 o - a wand of paralysis (6)
Scrolls
 k - 6 scrolls of identify
 p - a scroll of teleportation
 q - a scroll of enchant armour {unknown}
 r - a scroll of amnesia {unknown}
Potions
 b - a potion of berserk rage {unknown}
 d - a potion of curing {unknown}
 g - 2 potions of attraction {unknown}
 i - 4 potions of degeneration {unknown}
 m - a potion of resistance {unknown}


   Skills:
 + Level 3.9 Fighting
 + Level 3.8 Axes
 + Level 4.6 Armour
 + Level 0.9 Dodging
 + Level 4.5 Shields
 * Level 2.2 Evocations


You had 5 spell levels left.
You didn't know any spells.
Your spell library was empty.

Dungeon Overview and Level Annotations

Branches:
Dungeon (4/15)
 Temple: D:4-7

Altars:

Annotations:
D:4 Grinder


Innate Abilities, Weirdness & Mutations

You are immune to sickness and miasma.
Your stone body is resilient. (AC +4)
You are immune to poison.
You resist negative energy. (rN+)
You are resistant to electric shocks. (rElec)
You are resistant to unholy torment.
You are immune to petrification.


Message History

The orc wizard hits you with a +0 dagger.
The orc priest mumbles some strange prayers to Beogh against you.
Beogh smites you!
* * * LOW HITPOINT WARNING * * *
Unknown command.
You closely miss the orc wizard.
The orc wizard is almost dead.
You barely miss the orc wizard.
You feel less confused.
The orc wizard casts a spell.
The orc wizard flickers and vanishes!
Deactivating autopickup; reactivate with Ctrl-A.
The orc wizard casts a spell at you.
The magic dart hits you but does no damage.
Something hits you but does no damage.
The orc wizard hits you but does no damage.
You hit the orc wizard.
The orc wizard is almost dead.
You closely miss something.
Grinder says, "Wait up."
Something hits you but does no damage.
The orc wizard gestures wildly while chanting.
The orc wizard flickers and vanishes!
The orc priest mumbles some strange prayers to Beogh against you.
Something writhes in agony!
Reactivating autopickup.
You feel a bit more experienced.
Deactivating autopickup; reactivate with Ctrl-A.
You miss something. Something hits you but does no damage.
Grinder says, "Tell me all your secrets, or I'll kill you."
Something hits you but does no damage. The goblin hits you but does no damage.
Your shield and chain mail prevent you from hitting something.
You hit the goblin. You block something's attack.
The goblin hits you but does no damage. Something hits you but does no damage.
Unknown command.
You miss something. You barely miss the goblin.
The goblin hits you but does no damage.
The orc priest mumbles some strange prayers to Beogh against you.
Beogh smites you!
You die...

####.#####.#
#.#.[.#.#
#.#.#.#.#
#.#.#.#.#
#.#.#<#.#
#.#.###.#
#.#.....#
#{#########
#@goo......
###5.......
#........
#....≈...
#........
##.....≈≈
.....≈≈
).!....


You could see Grinder, an orc priest, an orc and a goblin.

Vanquished Creatures
  Sigmund (D:2)
  A scorpion (D:3)
  Ijyb (D:3)
  Jessica (D:2)
  An adder (D:2)
  2 ufetubi (D:4)
  2 worms (D:2)
  4 orcs
  4 ball pythons
  8 endoplasms
  2 giant cockroaches
  5 goblins
  6 hobgoblins
  5 jackals (D:1)
  8 kobolds
  5 quokkas
  9 bats
  3 frilled lizards
  3 rats
71 creatures vanquished.

Vanquished Creatures (others)
  An orc wizard (D:4)
1 creature vanquished.

Grand Total: 72 creatures vanquished

Notes
Turn   | Place    | Note
-------+----------+-------------------------------------------
     0 | D:1      | bande the Gargoyle Fighter began the quest for the Orb.
     0 | D:1      | Reached XP level 1. HP: 14/14 MP: 1/1
   495 | D:1      | Reached XP level 2. HP: 18/19 MP: 2/2
  1136 | D:1      | Reached XP level 3. HP: 23/23 MP: 3/3
  1717 | D:2      | Noticed Sigmund
  1726 | D:2      | Killed Sigmund
  1727 | D:2      | Reached skill level 1 in Evocations
  1727 | D:2      | Reached XP level 4. HP: 14/29 MP: 4/4
  1727 | D:2      | Reached XP level 5. HP: 16/33 MP: 5/5
  2570 | D:2      | Noticed Jessica
  2579 | D:2      | Killed Jessica
  2580 | D:2      | Reached XP level 6. HP: 38/38 MP: 6/6
  2872 | D:2      | Found a faded altar of an unknown god.
  3514 | D:3      | Noticed Ijyb
  3521 | D:3      | Paralysed by Ijyb for 2 turns
  3529 | D:3      | Killed Ijyb
  3983 | D:4      | Noticed Grinder
  4012 | D:4      | HP: 1/38 [orc priest/divine providence (11)]
  4022 | D:4      | Killed from afar by an orc priest

Illustrated notes

Levels and vault maps discovered:
D:1:      wander_arrival_lonely_grave, layout_loops_corners, hex_tiny
D:2:      layout_basic, ebering_ecumenical_altar_box, uniq_jessica, uniq_sigmund
D:3:      layout_loops_ring, st_stairs_13, uniq_ijyb
D:4:      layout_basic, serial_bayou_lagoon_a, skrybe_limestone_x, uniq_natasha,
          uniq_crazy_yiuf_cottage, uniq_pikel, uniq_grinder

Skill      XL: |  1  2  3  4  5  6 |
---------------+-------------------+-----
Axes           | 2 3 |  3.8
Armour         | 4 |  4.6
Shields        | 4 |  4.5
Evocations     | 1 2 |  2.2
Fighting       | |  3.9
Dodging        | |  0.9

Action                   |  1- 3 |  4- 6 || total
-------------------------+-------+-------++-------
Melee: War axe           |   109 |   151 ||   260
  Use: Scroll            |     1 |     3 ||     4
       Potion            |     1 |     2 ||     3
Armor: Scale mail        |    62 |    42 ||   104
       Chain mail        |       |   100 ||   100
Dodge: Dodged            |    42 |    51 ||    93
Block: Kite shield       |    71 |    87 ||   158

Table legend: (Time is in decaauts)
 A = Elapsed time spent in this place.
 B = Non-inter-level travel time spent in this place.
 C = Inter-level travel time spent in this place.
 D = Time resting spent in this place.
 E = Time spent auto-exploring this place.
 F = Levels seen in this place.
 G = Mean time per level.
                   A        B        C        D        E       F      G
               +--------+--------+--------+--------+--------+-----+--------+
         Total |   4172 |   4138 |     34 |    715 |   2715 |   4 | 1043.0 |
       Dungeon |   4172 |   4138 |     34 |    715 |   2715 |   4 | 1043.0 |
               +--------+--------+--------+--------+--------+-----+--------+

Top non-repeatable levels by time:
     D:1: 1781 daAuts
     D:2: 1340 daAuts
     D:3: 953 daAuts
     D:4: 96 daAuts
